cohdb
Replays
Latest Replays
All Replays
Popular Replays
Top Player Replays
Match Explorer
How It Works
Community
CoH3 Stats
Reddit
Sign in to upload your games and track your stats! →
Sign in with Steam
Match 43618916
Unlisted
Match 43618916
Overview
Messages
Build Orders
End
Royal Engineer Section
Construct Section Command Post
Dingo Light Scout Car
Selects Canadian Shock Battlegroup
Infantry Section
Selects Attacking Spirit
Selects Canadian Shock Section
Infantry Section
Construct Platoon Command Post
Royal Engineer Section
Vryru
Mr.TtoYou
bigcheese
Nuts
0
0
Comments
sign in to comment!
No comments posted yet!